Construct Section Command Post
Construct Section Command Post
Selects Canadian Shock Battlegroup
Selects Canadian Shock Battlegroup
Selects Canadian Shock Battlegroup
Selects Incendiary Munitions
Construct Platoon Command Post
Selects Offensive Resupply
Selects Canadian Shock Section
Construct Field Infirmary
6-pounder Anti-tank Gun Team
Construct Company Command Post
6-pounder Anti-tank Gun Team
Selects Churchill Crocodile Heavy Tank